Map: Prion Terraces

Players

ILLBdA - Winner!

  • Race: Protoss Protoss
  • League: Diamond

sTaffel

  • Race: Protoss Protoss
  • League: Diamond

VOD

Have the link to the VOD?

Description

Time

  • Played on: Dec. 11, 2015, 8:38 a.m.
  • Length: 13:45
Show
View Real Time Build Order
Export as new Build Order

ILLBdA Protoss - Winner!

Build Orders: Zealot Archon 

Get SALT Encoding   

  12  0:01  Probe (Chrono Boost)  
  13  0:11  Probe (Chrono Boost)  
  14  0:19  Pylon  
  14  0:22  Probe (Chrono Boost)  
  15  0:38  Probe (Chrono Boost)  
  15  0:39  Forge  
  16  0:48  Probe (Chrono Boost)  
  17  0:59  Probe (Chrono Boost)  
  18  1:17  Pylon  
  18  1:19  Pylon  
  18  1:25  Probe (Chrono Boost)  
  18  1:45  Pylon, Photon Cannon  
  18  1:48  Probe (Chrono Boost)  
  18  2:02  Probe (Chrono Boost)  
  18  2:05  Nexus  
  18  2:08  Pylon  
  19  2:14  Probe (Chrono Boost)  
  20  2:17  Photon Cannon  
  19  2:24  Probe (Chrono Boost)  
  19  2:27  Photon Cannon  
  20  2:40  Probe (Chrono Boost)  
  20  2:53  Gateway  
  20  2:54  Assimilator  
  20  2:59  Assimilator  
  20  3:01  Probe (Chrono Boost)  
  21  3:08  Photon Cannon  
  21  3:10  Photon Cannon  
  21  3:11  Probe (Chrono Boost)  
  21  3:22  Probe (Chrono Boost)  
  21  3:23  Probe (Chrono Boost)  
  23  3:33  Probe (Chrono Boost)  
  23  3:34  Probe (Chrono Boost)  
  25  3:39  Cybernetics Core  
  25  3:42  Gateway  
  25  3:43  Probe (Chrono Boost)  
  25  3:44  Probe (Chrono Boost)  
  27  3:54  Probe (Chrono Boost)  
  27  3:55  Probe (Chrono Boost)  
  29  4:04  Probe (Chrono Boost)  
  29  4:05  Probe (Chrono Boost)  
  29  4:07  Gateway  
  31  4:15  Probe (Chrono Boost)  
  31  4:16  Stalker, Probe (Chrono Boost)  
  35  4:17  Warp Gate  
  35  4:21  Twilight Council  
  35  4:25  Probe (Chrono Boost)  
  35  4:29  Adept  
  38  4:33  Assimilator  
  38  4:37  Assimilator  
  38  4:45  Mothership Core (Chrono Boost)  
  40  4:46  Probe (Chrono Boost)  
  40  4:50  Photon Cannon  
  41  4:57  Probe (Chrono Boost)  
  41  4:58  Pylon  
  42  5:03  Probe (Chrono Boost)  
  43  5:08  Dark Shrine  
  43  5:10  Probe (Chrono Boost)  
  44  5:16  Probe (Chrono Boost)  
  44  5:18  Stalker  
  44  5:19  Stalker  
  44  5:20  Probe (Chrono Boost)  
  50  5:27  Pylon  
  50  5:30  Blink (Chrono Boost)  
  50  5:49  Nexus  
  50  5:51  Pylon  
  50  5:57  Stalker x2  
  51  6:14  Probe  
  52  6:21  Pylon  
  52  6:22  Dark Templar  
  52  6:43  Stalker x2  
  56  6:47  Gateway  
  56  6:49  Probe, Gateway  
  56  6:51  Gateway  
  56  6:52  Gateway  
  57  6:55  Dark Templar  
  59  7:01  Probe  
  59  7:02  Probe  
  59  7:03  Probe  
  62  7:12  Probe  
  62  7:14  Stalker, Probe  
  62  7:15  Probe  
  67  7:30  Dark Templar x2  
  71  7:40  Archon  
  71  7:42  Probe  
  72  7:49  Robotics Facility  
  72  7:51  Dark Templar x4  
  76  7:55  Archon x2  
  76  7:56  Archon  
  76  7:58  Probe x2  
  82  8:00  Pylon  
  82  8:05  Stalker x2  
  86  8:07  Protoss Ground Weapons Level 1 (Chrono Boost)  
  86  8:12  Assimilator x2  
  86  8:22  Stalker  
  86  8:23  Stalker  
  86  8:26  Probe x3  
  92  8:29  Stalker  
  92  8:30  Stalker  
  97  8:35  Pylon  
  97  8:38  Probe  
  98  8:44  Pylon  
  98  8:54  Immortal (Chrono Boost)  
  102  8:57  Pylon, Robotics Facility  
  98  9:15  Dark Templar x3  
  92  9:22  Stalker  
  88  9:28  Observer (Chrono Boost)  
  89  9:34  Archon  
  85  9:41  Stalker x3  
  95  9:47  Immortal (Chrono Boost), Protoss Ground Weapons Level 2  
  95  9:49  Probe, Immortal (Chrono Boost)  
  95  9:52  Probe  
  101  9:55  Photon Cannon  
  101  10:17  Stalker x4  
  101  10:21  Immortal (Chrono Boost)  
  113  10:29  Dark Templar x2, Pylon  
  113  10:35  Archon  
  117  10:38  Stalker  
  119  10:43  Pylon  
  119  10:46  Photon Cannon  
  119  10:48  Immortal (Chrono Boost)  
  123  10:54  Pylon  
  123  11:00  Warp Prism (Chrono Boost)  
  125  11:13  Stalker  
  125  11:14  Stalker x2  
  125  11:15  Stalker x2  
  125  11:17  Stalker  
  125  11:18  Stalker  
  139  11:30  Immortal  
  139  11:32  Immortal  
  147  11:40  Dark Templar  
  147  11:43  Pylon  
  147  11:44  Pylon  
  147  11:45  Pylon x2  
  148  12:06  Stalker x4  
  148  12:07  Stalker x2  
  160  12:18  Stalker  
  160  12:21  Immortal  
  146  12:35  Immortal  
  129  13:00  Immortal  
  129  13:02  Stalker x2  
  129  13:03  Stalker x4  
  129  13:04  Stalker  
  139  13:29  Stalker x3  
  139  13:30  Stalker x4  
  139  13:39  Pylon x2  
Show
View Real Time Build Order
Export as new Build Order

sTaffel Protoss 

Build Orders:  

Get SALT Encoding   

  12  0:02  Probe (Chrono Boost)  
  13  0:12  Probe (Chrono Boost)  
  14  0:19  Pylon  
  14  0:23  Probe (Chrono Boost)  
  15  0:37  Probe (Chrono Boost), Gateway  
  16  0:43  Assimilator  
  16  0:47  Probe (Chrono Boost)  
  17  0:58  Probe (Chrono Boost)  
  17  1:00  Pylon  
  18  1:09  Probe (Chrono Boost)  
  19  1:19  Probe (Chrono Boost)  
  20  1:27  Zealot  
  20  1:30  Cybernetics Core  
  24  2:07  Stalker (Chrono Boost)  
  19  2:30  Warp Gate  
  19  2:53  Assimilator  
  19  2:55  Probe (Chrono Boost)  
  20  3:00  Nexus  
  20  3:03  Stalker  
  22  3:09  Probe (Chrono Boost)  
  23  3:23  Mothership Core (Chrono Boost)  
  25  3:40  Stalker  
  28  3:41  Probe (Chrono Boost)  
  28  3:51  Probe (Chrono Boost)  
  29  3:57  Pylon  
  29  4:02  Probe (Chrono Boost)  
  30  4:06  Stargate  
  30  4:13  Probe (Chrono Boost)  
  30  4:14  Probe (Chrono Boost)  
  32  4:23  Probe (Chrono Boost)  
  33  4:29  Gateway  
  34  4:31  Probe (Chrono Boost)  
  34  4:34  Probe (Chrono Boost)  
  35  4:41  Pylon  
  35  4:51  Oracle (Chrono Boost)  
  38  5:01  Robotics Facility  
  38  5:04  Probe  
  38  5:05  Probe  
  40  5:10  Pylon  
  40  5:23  Void Ray (Chrono Boost)  
  40  5:27  Probe  
  40  5:28  Probe  
  46  5:33  Stalker  
  48  5:37  Probe  
  48  5:40  Probe  
  50  5:46  Twilight Council  
  50  5:48  Probe  
  51  6:08  Immortal  
  51  6:09  Probe  
  51  6:10  Probe  
  57  6:12  Assimilator  
  57  6:17  Assimilator  
  57  6:21  Pylon  
  57  6:24  Probe  
  57  6:25  Probe  
  59  6:27  Pylon  
  63  6:33  Void Ray (Chrono Boost)  
  63  6:34  Probe  
  63  6:37  Probe  
  65  6:45  Probe  
  63  6:48  Stalker  
  63  6:49  Probe  
  66  6:55  Gateway  
  66  6:58  Gateway  
  65  7:02  Observer (Chrono Boost)  
  61  7:31  Probe  
  61  7:32  Probe  
  63  7:45  Immortal (Chrono Boost), Void Ray (Chrono Boost)  
  71  7:56  Probe  
  71  7:58  Probe  
  73  8:03  Blink  
  73  8:04  Forge  
  73  8:08  Probe  
  73  8:10  Probe  
  75  8:17  Observer (Chrono Boost)  
  76  8:20  Probe  
  76  8:22  Probe  
  78  8:30  Stalker x3  
  78  8:32  Stalker  
  86  8:46  Pylon  
  86  8:48  Pylon  
  86  8:53  Photon Cannon  
  86  9:05  Probe x2, Void Ray (Chrono Boost)  
  82  9:20  Stalker x4  
  62  9:48  Nexus  
  62  9:49  Templar Archives  
  62  9:51  Protoss Ground Weapons Level 1 (Chrono Boost)  
  62  9:52  Gateway  
  62  9:53  Gateway, Immortal  
  66  10:12  Stalker x2  
  66  10:13  Stalker  
  68  10:17  Stalker  
  70  10:45  Stalker x3, Pylon  
  70  10:47  Assimilator  
  70  10:48  Stalker  
  78  10:52  Assimilator  
  78  10:53  Immortal  
  82  11:10  High Templar x3  
  88  11:13  Probe  
  88  11:15  Probe x2  
  88  11:17  Archon  
  91  11:18  High Templar  
  91  11:22  Archon  
  93  11:27  Immortal  
  93  11:29  Probe  
  98  11:45  Zealot, Protoss Ground Weapons Level 2 (Chrono Boost)  
  98  11:46  Zealot x2  
  104  11:48  Pylon  
  104  11:52  Zealot  
  106  11:59  Stalker x2  
  110  12:03  Immortal  
  110  12:13  Stalker, High Templar x2  
  110  12:14  Stalker  
  118  12:21  Pylon x2  
  89  12:32  Stalker  
  89  12:33  Stalker x5  
  72  12:39  Immortal  
  66  12:57  Stalker x3  
  66  12:58  Stalker  
Tags
 
Composition
Zealot Archon
Matchup
PvP
Replay Pack
me
Add a new tag
Caveats
  • Supply blocks, unpowered buildings, or Contaminate may cause inaccurate times.
  • Supply counts are checked every 10 seconds.